 Dungeon Crawl Stone Soup version 0.29.0-4-gdea44cf6ec (webtiles) character file.

Game seed: 14840628371737769819

63 qw the Ruffian (level 4, 0/35 HPs)
             Began as a Ghoul Fire Elementalist on Aug 29, 2022.
             Slain by an orc
             ... wielding a +0 trident
              (6 damage)
             ... on level 2 of the Dungeon.
             The game lasted 00:01:43 (2221 turns).

qw the Ruffian (Ghoul Fire Elementalist)            Turns: 2221, Time: 00:01:44

Health: 0/35       AC:  3    Str: 13    XL:     4   Next: 9%
Magic:  5/5        EV: 11    Int: 10    God:
Gold:   70         SH:  0    Dex:  9    Spells: 5/6 levels left

rFire   . . .      SeeInvis .     - Unarmed
rCold   + . .      Faith    .   (no shield)
rNeg    + + +      Spirit   .   c - +0 leather armour
rPois   inf        Reflect  .   (no helmet)
rElec   .          Harm     .   (no cloak)
rCorr   .          Rampage  .   (no gloves)
Will    +....                   (no boots)
Stlth   +.........              (no amulet)
HPRegen 0.00/turn               f - ring of willpower
MPRegen 0.09/turn               (no ring)

@: inhibited regen
A: claws 1, cold resistance 1, negative energy resistance 3, inhibited
regeneration, torment resistance 2, devour on kill
a: no special abilities


You were on level 2 of the Dungeon.
You visited 1 branch of the dungeon, and saw 2 of its levels.

You collected 70 gold pieces.


Innate Abilities, Weirdness & Mutations

You are immune to poison.
You have sharp fingernails.
Your flesh is cold resistant. (rC+)
You are immune to negative energy. (rN+++)
You do not regenerate when monsters are visible.
You are immune to unholy pain and torment.
You thrive by killing the living.


   Skills:
 - Level 1.3 Fighting
 - Level 1.7 Dodging
 - Level 2.1 Stealth
 + Level 3.5 Unarmed Combat
 - Level 1.7 Spellcasting
 - Level 0.7 Conjurations
 - Level 2.4 Fire Magic


You had 5 spell levels left.
You knew the following spells:

 Your Spells              Type           Power      Damage    Failure   Level
a - Foxfire               Conj/Fire      16%        2x1d4     22%         1

Your spell library contained the following spells:

 Spells                   Type           Power      Damage    Failure   Level
 Scorch                   Fire           10%        2d6       22%         2
 Conjure Flame            Conj/Fire      4%         6-21      54%         3
 Inner Flame              Hex/Fire       3%         N/A       58%         3
 Flame Wave               Conj/Fire      4%         2d5       91%         4

Inventory:

Armour
 b - a +0 ring mail
 c - a +0 leather armour (worn)
Jewellery
 f - a ring of willpower (left claw)
Scrolls
 a - a scroll of identify {unknown}
 d - a scroll of enchant weapon {unknown}
Potions
 g - a potion of curing {unknown}
 i - a potion of ambrosia {unknown}

Dungeon Overview and Level Annotations

Branches:
Dungeon (2/15)

Altars:


Message History

You kill the orc!
An orc comes into view. It is wielding a +0 trident.
The orc shouts!
The orc closely misses you.
Things that are here:
a +0 dagger; a +0 ring mail; a scroll labelled XUFRON CI DIU
2211 ||| Stepping ~*~*~tactically~*~*~ (outnumbered).
The orc priest looks encouraged for a moment.
The orc hits you but does no damage.
You closely miss the orc. You claw the orc!
You kill the orc!
The orc hits you from afar with a +0 trident!
The orc barely misses you.
You scratch the orc but do no damage. The orc closely misses you.
The orc hits you with a +0 short sword.
You closely miss the orc. The orc barely misses you.
You scratch the orc but do no damage.
The orc hits you from afar with a +0 trident.
The orc barely misses you.
You closely miss the orc priest.
A ball python comes into view.
The orc priest looks encouraged for a moment.
The orc closely misses you. The orc barely misses you.
You closely miss the orc priest.
The ball python hisses angrily.
Your claw misses the orc priest. The orc priest barely misses you.
The orc hits you with a +0 short sword.
The orc hits you from afar with a +0 trident.
You scratch the orc priest but do no damage.
The orc priest closely misses you.
The orc hits you from afar with a +0 trident.
The orc hits you with a +0 short sword.
You closely miss the orc priest.
The orc priest hits you but does no damage.
The orc barely misses you. x2
2221 ||| Stepping ~*~*~tactically~*~*~ (outnumbered).
The orc hits you from afar with a +0 trident.
You die...

#..#.# #####..#%##
#.......... #..........
. ####.##.#..### ..
#............. ...
###.##.##.#..... ....
##.##.##.##.##.##. #..>
##@# #.##.......##.
#...#)o# #.#####.#####.
#..wo)o###.#####..####.
#....S.................
##.....###..........77.
#.....# #######..77777
.....### #..7 7 #.####
#..7 7 #. #..7


7 You could see a worm, an orc priest, 2 orcs and a ball python.

Vanquished Creatures
  2 adders (D:2)
  2 dart slugs
  2 orcs (D:2)
  4 bats
  6 endoplasms
  A giant cockroach (D:1)
  6 goblins
  2 hobgoblins (D:1)
  2 quokkas
  A ball python (D:1)
  4 frilled lizards
  A kobold (D:2)
  2 rats (D:1)
35 creatures vanquished.

Vanquished Creatures (others)
  17 fungi (D:2)
17 creatures vanquished.

Grand Total: 52 creatures vanquished

Notes
Turn   | Place    | Note
-------+----------+-------------------------------------------
     0 | D:1      | qw the Ghoul Fire Elementalist began the quest for the Orb.
     0 | D:1      | Reached XP level 1. HP: 14/14 MP: 2/2
     0 | D:1      | 0 ||| qw: Version: 0.1-a-90-g952f4b7
     0 | D:1      | 0 ||| qw: Game counter: 4122
     0 | D:1      | 0 ||| qw: Always use a shield: true
     0 | D:1      | 0 ||| qw: God list: Okawaru
     0 | D:1      | 0 ||| qw: Allow faded altars: false
     0 | D:1      | 0 ||| qw: Do Orc after D:15 true
     0 | D:1      | 0 ||| qw: Do second Lair branch before Depths: true
     0 | D:1      | 0 ||| qw: Lair rune preference: random
     0 | D:1      | 0 ||| qw: Plans: Normal
     0 | D:1      | 0 ||| PLANNING D:1-11
   226 | D:1      | 226 ||| Stepping ~*~*~tactically~*~*~ (stealth).
   227 | D:1      | 227 ||| Stepping ~*~*~tactically~*~*~ (stealth).
   235 | D:1      | 235 ||| Stepping ~*~*~tactically~*~*~ (stealth).
   243 | D:1      | Reached skill level 1 in Unarmed Combat
   316 | D:1      | 316 ||| Stepping ~*~*~tactically~*~*~ (hiding).
   418 | D:1      | 418 ||| Stepping ~*~*~tactically~*~*~ (hiding).
   429 | D:1      | Reached skill level 1 in Fighting
   429 | D:1      | Reached XP level 2. HP: 17/23 MP: 3/3
  1186 | D:1      | Reached skill level 2 in Unarmed Combat
  1256 | D:1      | 1256 ||| UPGRADING to +0 leather armour.
  1266 | D:1      | 1266 ||| DROPPING +0 robe.
  1267 | D:1      | 1267 ||| UPGRADING to ring of willpower.
  1268 | D:1      | 1268 ||| READING 2 scrolls labelled NEN ONEUMMILUASS.
  1269 | D:1      | 1269 ||| READING scroll labelled VILLOAMAU.
  1370 | D:1      | 1370 ||| READING scroll labelled VACUIRY HI MYU.
  1371 | D:1      | 1371 ||| READING scroll labelled FESSIA XIVUCK.
  1372 | D:1      | 1372 ||| READING scroll labelled DUOGYFOULO.
  1373 | D:1      | 1373 ||| DROPPING potion of magic.
  1374 | D:1      | 1374 ||| DROPPING scroll of blinking.
  1415 | D:2      | Reached XP level 3. HP: 16/28 MP: 4/4
  1415 | D:2      | 1415 ||| STAIRDANCE
  1650 | D:2      | 1650 ||| Stepping ~*~*~tactically~*~*~ (stealth).
  1770 | D:2      | Found a faded altar of an unknown god.
  1857 | D:2      | Reached skill level 3 in Unarmed Combat
  1948 | D:2      | 1948 ||| Stepping ~*~*~tactically~*~*~ (stealth).
  1950 | D:2      | 1950 ||| Stepping ~*~*~tactically~*~*~ (stealth).
  2108 | D:2      | Reached XP level 4. HP: 28/35 MP: 5/5
  2206 | D:2      | 2206 ||| Stepping ~*~*~tactically~*~*~ (stealth).
  2211 | D:2      | 2211 ||| Stepping ~*~*~tactically~*~*~ (outnumbered).
  2219 | D:2      | HP: 8/35 [orc/+0 trident (6)]
  2221 | D:2      | 2221 ||| Stepping ~*~*~tactically~*~*~ (outnumbered).
  2221 | D:2      | Slain by an orc

Levels and vault maps discovered:
D:1:      dreamdust_arrival_sigmund_warning, layout_basic
D:2:      layout_loops_ring, shapermc_ecumenical_altar_flowoftime,
          nrook_campfire, dreamdust_mushroom_princess

Skill      XL: |  1  2  3 |
---------------+----------+-----
Unarmed Combat | 1 2 3 |  3.5
Fighting       | 1 |  1.3
Dodging        | |  1.7
Stealth        | |  2.1
Spellcasting   | |  1.7
Conjurations   | |  0.7
Fire Magic     | |  2.4

Action                   |  1- 3 |  4- 6 || total
-------------------------+-------+-------++-------
Melee: Unarmed           |   148 |    12 ||   160
       Punch             |     1 |       ||     1
  Use: Scroll            |     5 |       ||     5
 Stab: Sleeping          |     1 |       ||     1
Armor: Robe              |    13 |       ||    13
       Leather armour    |    15 |     2 ||    17
Dodge: Dodged            |    74 |    12 ||    86

Table legend:
 A = Non-vault XP
 B = Vault XP
 C = Vault XP percentage of total XP
 D = Non-vault monster count
 E = Vault monster count
 F = Vault count percentage of total count
                 A         B        C        D         E       F
            +---------+---------+-------+---------+---------+-------
      Total |      90 |       0 |   0.0 |      35 |       0 |   0.0
            +---------+---------+-------+---------+---------+-------
        D:1 |      33 |       0 |   0.0 |      18 |       0 |   0.0
        D:2 |      57 |       0 |   0.0 |      17 |       0 |   0.0
            +---------+---------+-------+---------+---------+-------
